 Dungeon Sprint DCSS version 0.27-a0-93-g19769c27d7 (webtiles) character file.

Game seed: 12151033637887300105

21994 rocky1 the Earth Mage (level 12, -4/89 HPs)
             Began as an Octopode Earth Elementalist on Jan 16, 2021.
             Was the Champion of Sif Muna.
             Slain by a harpy (12 damage)
             ... in the Dungeon (Sprint VII: "The Pits").
             The game lasted 00:21:37 (4011 turns).

rocky1 the Earth Mage (Octopode Earth Elementalist) Turns: 4011, Time: 00:21:37

Health: -4/89      AC:  1    Str: 13    XL:     12   Next: 95%
Magic:  21/27      EV: 20    Int: 21    God:    Sif Muna [******]
Gold:   85         SH:  0    Dex: 14    Spells: 4/34 levels left

rFire    . . .     SeeInvis +   m - +2 quarterstaff (protect)
rCold    . . .     Faith    .   (shield currently unavailable)
rNeg     . . .     Spirit   .   x - +0 mask of the Dragon {Will+ Slay+3 SInv}
rPois    .         Reflect  .   (no amulet)
rElec    .         Harm     .   p - +3 ring of strength
rCorr    .         Rampage  .   q - +3 ring of strength
Will     +....     NoTele   +   y - ring of see invisible
Stlth    +++++++...             (no ring)
HPRegen  0.24/turn              (no ring)
MPRegen  0.20/turn              (no ring)
                                (no ring)
                                (no ring)

@: no status effects
A: almost no armour, stealthy swim, amphibious, 8 rings, constrict 8, camouflage
1, gelatinous body 1
a: Renounce Religion, Channel Magic, Forget Spell, Divine Exegesis


You were in the Dungeon.
You worshipped Sif Muna.
Sif Muna was exalted by your worship.
You visited 1 branch You collected 85 gold pieces.

Inventory:

Hand Weapons
 l - a +2 flail of protection
 m - a +2 quarterstaff of protection (weapon)
 s - a +2 scimitar of flaming
 t - a +2 morningstar of protection
 u - a +4 quarterstaff of speed
 v - a +2 rapier of electrocution
Missiles
 b - 38 stones
 o - 8 curare-tipped darts
Armour
 x - the +0 mask of the Dragon (worn) {Will+ Slay+3 SInv}
   (You found it in the Dungeon)

   It affects your accuracy and damage with ranged weapons and melee attacks
   (+3).
   It affects your willpower, your defense against some magical effects.
   It lets you see invisible.
Magical Staves
 E - a cursed staff of air
Jewellery
 p - a +3 ring of strength (left tentacle)
 q - a +3 ring of strength (right tentacle)
 y - a ring of see invisible (on tentacle)
Scrolls
 i - 5 scrolls of remove curse
 j - 6 scrolls of amnesia
 k - a scroll of summoning
 A - 2 scrolls of identify
 B - 4 scrolls of enchant weapon
 C - 2 scrolls of enchant armour
 D - a scroll of blinking
Potions
 a - 2 potions of invisibility
 c - 10 potions of curing
 d - 13 potions of heal wounds
 e - a potion of haste
 f - 4 potions of magic
 g - 6 potions of berserk rage
 h - 2 potions of brilliance
 n - a potion of lignification {unknown}
 r - 2 potions of mutation
 w - a potion of flight
Miscellaneous
 z - a tin of tremorstones (2/2)


   Skills:
 + Level 10.8 Fighting
 + Level 2.5 Maces & Flails
 + Level 11.0 Dodging
 + Level 14.8 Stealth
 + Level 11.6 Spellcasting
 + Level 9.0 Conjurations
 + Level 8.9 Necromancy
 + Level 9.0 Transmutations
 + Level 15.4 Earth Magic
 - Level 13.0 Invocations


You had 4 spell levels left.
You knew the following spells:

 Your Spells              Type           Power        Failure   Level
a - Sandblast             Erth           100%         0%          1
b - Stone Arrow           Conj/Erth      100%         1%          3
c - Lee's Rapid Deconstr  Erth           33%          1%          5
d - Petrify               Tmut/Erth      59%          1%          4
e - Borgnjor's Vile Clut  Necr/Erth      29%          1%          5
f - Statue Form           Tmut/Erth      39%          5%          6
g - Iron Shot             Conj/Erth      29%          5%          6

Your spell library contained the following spells:

 Spells                   Type           Power        Failure   Level
 Sting                    Tmut/Pois      100%         1%          1
 Passwall                 Tmut/Erth      49%          1%          2
 Animate Dead             Necr           24%          1%          4
 Dazzling Flash           Conj/Hex       62%          2%          3
 Leda's Liquefaction      Hex/Erth       22%          2%          4
 Ignite Poison            Fire/Tmut/Pois 24%          4%          3
 Mephitic Cloud           Conj/Pois/Air  24%          4%          3
 Corona                   Hex            13%          5%          1
 Freeze                   Ice            48%          5%          1
 Ensorcelled Hibernation  Hex/Ice        24%          9%          2
 Poisonous Vapours        Pois/Air       24%          9%          2
 Slow                     Hex            12%          9%          2
 Swiftness                Air            12%          9%          2
 Hailstorm                Conj/Ice       31%          9%          4
 Sticky Flame             Conj/Fire      31%          9%          4
 Confusing Touch          Hex            12%          17%         3
 Tukima's Dance           Hex            12%          17%         3
 Cause Fear               Hex            6%           50%         4
 Olgreb's Toxic Radiance  Pois           12%          50%         4
 Passage of Golubria      Tloc           N/A          50%         4
 Bolt of Magma            Conj/Fire/Erth 23%          5%          5
 Death Channel            Necr           24%          22%         6
 Simulacrum               Ice/Necr       15%          80%         6
 Metabolic Englaciation   Hex/Ice        6%           83%         5
 Summon Demon             Summ           6%           83%         5
 Summon Forest            Summ/Tloc      6%           83%         5
 Summon Mana Viper        Hex/Summ       12%          83%         5
 Lehudib's Crystal Spear  Conj/Erth      29%          93%         8
 Summon Greater Demon     Summ           6%           100%        7
 Discord                  Hex            6%           100%        8
 Disjunction              Tloc           6%           100%        8
 Ignition                 Fire           6%           100%        8
 Shatter                  Erth           33%          100%        9


Dungeon Overview and Level Annotations

Branches:
Dungeon (1/1)

Altars:
Ashenzari
Cheibriados
Dithmenos
Elyvilon
Fedhas
Gozag
Hepliaklqana
Kikubaaqudgha
Makhleb
Nemelex Xobeh
Okawaru
Qazlal
Ru
Sif Muna
Trog
Uskayaw
Vehumet
Wu Jian
Xom
Yredelemnul
Zin
The Shining One
Beogh
Jiyva
Lugonu


Innate Abilities, Weirdness & Mutations

You cannot wear most types of armour.
You are very stealthy in the water. (Stealth+)
You are amphibious.
You can wear up to eight rings at the same time.
You can use your tentacles to constrict eight enemies at once.
Your skin changes colour to match your surroundings (Stealth+).
Your rubbery body absorbs attacks. (AC +1, EV +1)


Message History

Something barely misses the redback.
Something claws the redback.
The redback is engulfed in noxious fumes.
The redback bites the ice devil but does no damage.
Casting: Lee's Rapid Deconstruction (mildly dangerous; 1% risk of failure)
Confirm with . or Enter, or press ? or * to list all spells.
Aiming: Lee's Rapid Deconstruction (mildly dangerous; 1% risk of failure)
Press: ? - help, Dir - move target A metal wall.
The metal wall shatters!
The blast of metal fragments hits the ice devil!!
The ice devil is heavily wounded.
The harpy claws you! The harpy completely misses you. The harpy claws you.
The harpy claws you!
* * * LOW HITPOINT WARNING * * *
The redback is engulfed in noxious fumes.
The redback appears confused.
The redback bites the ice devil.
The harpy claws you!
* * * LOW HITPOINT WARNING * * *
The harpy claws you!
You die...

#....................''......
#..################..##..#...
#..# .# #.#..##...... #..# °# #.
#..##...... #..# °# #|
#..####''## #..# s# #.
#..####''## #..# °#s #..##......
#..#########4######..##.#[##.
#####..........H@[....... #.#))'.
__.##..........H......... #.').#.
__.###########''######### #.#.[+
...###########''###########.+..#
##'##................##..## ##+#
)'.##......#..#......##..#
##.##................''..#
....'................''..########
#####......#..#......##...†......


You could see an emperor scorpion, an ice devil, 2 harpies and a redback
(confused, poisoned).

Vanquished Creatures
  2 nagarajas (D)
  A war gargoyle (D)
  A yellow draconian (D)
  Josephine (D)
  A boulder beetle (D)
  A hydra (D)
  2 death yaks (D)
  A sun demon (D)
  Sonja (D)
  A sixfirhy (D)
  2 wizards (D)
  2 harpies (D)
  A necromancer (D)
  A lindwurm (D)
  An orc knight (D)
  A cyclops (D)
  A wolf spider (D)
  2 manticores (D)
  A merfolk siren (D)
  2 guardian serpents (D)
  A hellwing (D)
  3 guardian mummies (D)
  An ice devil (D)
  A jumping spider (D)
  A merfolk (D)
  2 hornets (D)
  An air elemental (D)
  A water elemental (D)
  2 redbacks (D)
  2 ynoxinuls (D)
  A shadow (D)
  6 wraiths (D)
  9 yaks (D)
  A steam dragon (D)
  A neqoxec (D)
  2 wargs (D)
  A soldier ant (D)
  An acid dragon (D)
  A water moccasin (D)
  A swamp drake (D)
  An orc warrior (D)
  An eye of draining (D)
  2 phantoms (D)
  A centaur (D)
  A big kobold (shapeshifter) (D)
  2 bullfrogs (D)
  A scorpion (D)
  An iron imp (D)
  Jessica (D)
  2 orc wizards (D)
  A worker ant (D)
  A small abomination (D)
  3 river rats (D)
  A white imp (D)
  2 ufetubi (D)
  An adder skeleton (D)
  A leopard gecko (D)
  3 orcs (D)
  2 bat zombies (D)
  A giant cockroach (D)
  2 hobgoblins (D)
  4 jackals (D)
  A quokka (D)
  2 ball pythons (D)
  A bat (D)
  4 goblins (D)
  A jackal simulacrum (D)
  A leopard gecko zombie (D)
  2 quokka skeletons (D)
112 creatures vanquished.

Vanquished Creatures (others)
  A leopard gecko zombie (D)
1 creature vanquished.

Grand Total: 113 creatures vanquished

Notes
Turn   | Place    | Note
-------+----------+-------------------------------------------
     0 | D        | rocky1 the Octopode Earth Elementalist began the quest for
                  | the Orb.
     0 | D        | Reached XP level 1. HP: 11/11 MP: 3/3
    18 | D        | Reached skill level 5 in Earth Magic
    18 | D        | Reached XP level 2. HP: 16/17 MP: 0/5
    93 | D        | Found a bloodstained altar of Trog.
    93 | D        | Found a shimmering blue altar of Sif Muna.
    93 | D        | Found a viscous altar of Jiyva.
    93 | D        | Found a hazy altar of Hepliaklqana.
    93 | D        | Found an opulent altar of Gozag.
    94 | D        | Found a glowing golden altar of the Shining One.
    94 | D        | Found a glowing silver altar of Zin.
    94 | D        | Found a basalt altar of Yredelemnul.
    94 | D        | Found a shimmering altar of Xom.
    94 | D        | Found an ornate altar of the Wu Jian Council.
    94 | D        | Found a sacrificial altar of Ru.
    94 | D        | Found a stormy altar of Qazlal.
    94 | D        | Found an iron altar of Okawaru.
    94 | D        | Found a sparkling altar of Nemelex Xobeh.
    94 | D        | Found a burning altar of Makhleb.
    94 | D        | Found a blossoming altar of Fedhas.
    94 | D        | Found a white marble altar of Elyvilon.
    94 | D        | Found a shadowy altar of Dithmenos.
    94 | D        | Found a snail-covered altar of Cheibriados.
    97 | D        | Found a corrupted altar of Lugonu.
    97 | D        | Found a radiant altar of Vehumet.
    97 | D        | Found a roughly hewn altar of Beogh.
    98 | D        | Found an ancient bone altar of Kikubaaqudgha.
    98 | D        | Found a hide-covered altar of Uskayaw.
    98 | D        | Found a broken altar of Ashenzari.
    99 | D        | Became a worshipper of Sif Muna the Loreminder
   113 | D        | Reached skill level 1 in Invocations
   321 | D        | Reached * piety under Sif Muna
   396 | D        | Noticed a bullfrog
   399 | D        | Killed a bullfrog
   399 | D        | Reached ** piety under Sif Muna
   400 | D        | Reached skill level 7 in Earth Magic
   400 | D        | Reached XP level 3. HP: 21/21 MP: 2/8
   400 | D        | Reached XP level 4. HP: 27/27 MP: 2/9
   690 | D        | Learned a level 3 spell: Stone Arrow
   803 | D        | Noticed Jessica
   813 | D        | Reached skill level 8 in Earth Magic
   813 | D        | Reached XP level 5. HP: 31/31 MP: 7/11
   816 | D        | Reached *** piety under Sif Muna
   821 | D        | Killed Jessica
   821 | D        | Reached **** piety under Sif Muna
   822 | D        | Reached skill level 5 in Invocations
   921 | D        | Learned a level 5 spell: Lee's Rapid Deconstruction
   926 | D        | Learned a level 4 spell: Petrify
   930 | D        | Reached skill level 5 in Spellcasting
   930 | D        | Reached skill level 9 in Earth Magic
   930 | D        | Reached XP level 6. HP: 36/36 MP: 10/14
   958 | D        | Noticed a yak
   962 | D        | Killed a yak
   963 | D        | Reached skill level 10 in Earth Magic
  1232 | D        | Reached ***** piety under Sif Muna
  1235 | D        | Received a gift from Sif Muna
  1369 | D        | Noticed Sonja
  1369 | D        | Noticed a wraith
  1373 | D        | Killed Sonja
  1374 | D        | Reached skill level 11 in Earth Magic
  1374 | D        | Reached XP level 7. HP: 47/47 MP: 5/17
  1374 | D        | Reached XP level 8. HP: 54/54 MP: 5/18
  1378 | D        | Killed a wraith
  1379 | D        | Reached skill level 12 in Earth Magic
  1566 | D        | Learned a level 5 spell: Borgnjor's Vile Clutch
  1576 | D        | Noticed a merfolk
  1578 | D        | Noticed a hellwing
  1591 | D        | Killed a hellwing
  1592 | D        | Reached skill level 5 in Dodging
  1595 | D        | Killed a merfolk
  1596 | D        | Reached skill level 5 in Fighting
  1600 | D        | Noticed an orc knight
  1609 | D        | Killed an orc knight
  1609 | D        | Received a gift from Sif Muna
  1610 | D        | Reached skill level 13 in Earth Magic
  1610 | D        | Reached XP level 9. HP: 7/62 MP: 3/21
  1908 | D        | Noticed a lindwurm
  1922 | D        | Learned a level 6 spell: Statue Form
  1924 | D        | Noticed a cyclops
  1934 | D        | Killed a lindwurm
  1935 | D        | Reached skill level 1 in Conjurations
  1935 | D        | Reached skill level 1 in Necromancy
  1935 | D        | Reached skill level 10 in Invocations
  1935 | D        | Killed a cyclops
  1935 | D        | Identified Sif Muna's Reference Book on Congealing
                  | Malediction (Sif Muna gifted it to you in the Dungeon)
  1935 | D        | Received a gift from Sif Muna
  1935 | D        | Noticed a jumping spider
  1936 | D        | Reached XP level 10. HP: 69/69 MP: 6/22
  1940 | D        | Reached skill level 10 in Stealth
  2131 | D        | Identified Sif Muna's Reference Book on the Cankerous
                  | Traveller (Sif Muna gifted it to you in the Dungeon)
  2131 | D        | Received a gift from Sif Muna
  2259 | D        | Noticed a manticore
  2261 | D        | Killed a manticore
  2327 | D        | Noticed a death yak
  2338 | D        | Killed a death yak
  2338 | D        | Reached ****** piety under Sif Muna
  2338 | D        | Identified Sif Muna's Reference Book on Mutagenic
                  | Confrontation (Sif Muna gifted it to you in the Dungeon)
  2338 | D        | Received a gift from Sif Muna
  2339 | D        | Reached skill level 14 in Earth Magic
  2340 | D        | Reached skill level 5 in Transmutations
  2344 | D        | Reached skill level 5 in Necromancy
  2344 | D        | Reached XP level 11. HP: 73/77 MP: 2/24
  2475 | D        | Reached skill level 5 in Conjurations
  2681 | D        | Noticed a death yak
  2687 | D        | Received a gift from Sif Muna
  2692 | D        | Noticed Josephine
  2692 | D        | Noticed a boulder beetle
  2695 | D        | Noticed a wizard
  2700 | D        | Killed Josephine
  2701 | D        | Reached skill level 10 in Spellcasting
  2701 | D        | HP: 1/78 [death yak (28)]
  2707 | D        | Killed a death yak
  2709 | D        | Killed a wizard
  2709 | D        | Identified Sif Muna's Papyrus of the Flying Escort (Sif
                  | Muna gifted it to you in the Dungeon)
  2709 | D        | Received a gift from Sif Muna
  2717 | D        | Killed a boulder beetle
  3188 | D        | Identified Besump's Volume of Excruciating Curses (Sif Muna
                  | gifted it to you in the Dungeon)
  3188 | D        | Received a gift from Sif Muna
  3360 | D        | Noticed a wizard
  3361 | D        | Killed a wizard
  3478 | D        | Noticed a nagaraja
  3482 | D        | Killed a nagaraja
  3483 | D        | Reached XP level 12. HP: 86/86 MP: 1/26
  3626 | D        | Reached skill level 10 in Dodging
  3626 | D        | Received a gift from Sif Muna
  3711 | D        | Noticed a fire giant
  3711 | D        | Noticed a two-headed ogre
  3774 | D        | Learned a level 6 spell: Iron Shot
  3778 | D        | Noticed a sun demon
  3778 | D        | Noticed a war gargoyle
  3778 | D        | Noticed a yellow draconian
  3778 | D        | Noticed a nagaraja
  3778 | D        | Noticed a six-headed hydra
  3779 | D        | Found the +0 mask of the Dragon {Will+ Slay+3 SInv}
  3780 | D        | Killed a war gargoyle
  3781 | D        | Killed a sun demon
  3782 | D        | Reached skill level 10 in Fighting
  3782 | D        | Reached skill level 15 in Earth Magic
  3784 | D        | Killed a yellow draconian
  3786 | D        | Killed a nagaraja
  3787 | D        | Killed a six-headed hydra
  3787 | D        | Identified Sif Muna's Tome of the Scorching Mountains (Sif
                  | Muna gifted it to you in the Dungeon)
  3787 | D        | Received a gift from Sif Muna
  3977 | D        | Reached skill level 1 in Maces & Flails
  3977 | D        | Received a gift from Sif Muna
  3977 | D        | Noticed an emperor scorpion
  4009 | D        | Identified Sif Muna's Grimoire of the Ensnaring Mountains
                  | (Sif Muna gifted it to you in the Dungeon)
  4009 | D        | Received a gift from Sif Muna
  4011 | D        | Slain by a harpy

Illustrated notes

Levels and vault maps discovered:
D:        pitsprint [storerooms_1, entrance_room_1, metal_vault_3, armoury_2,
          mini_pit_1, grid_room_1, main_hall_1, silver_pit, the_coven_3,
          the_vestibule_1, steel_vault_3, golden_pit, hallway_of_sentries,
          crystal_vault_2, iron_vault_1, final_vault]

Skill      XL: |  1  2  3  4  5  6  7  8  9 10 11 12 |
---------------+-------------------------------------+-----
Earth Magic    | 5 7 8 9 11 13 14 15 | 15.4
Invocations    | 3 4 5 8 9 10 11 12 13 | 13.0
Spellcasting   | 3 4 5 7 8 9 10 11 | 11.6
Stealth        | 6 8 9 11 13 14 | 14.8
Fighting       | 3 5 6 8 9 10 | 10.8
Dodging        | 4 6 8 9 11 | 11.0
Conjurations   | 2 4 7 9 |  9.0
Necromancy     | 2 5 7 8 |  8.9
Transmutations | 2 5 7 9 |  9.0
Maces & Flails | 2 |  2.5

Action                   |  1- 3 |  4- 6 |  7- 9 | 10-12 || total
-------------------------+-------+-------+-------+-------++-------
Melee: Unarmed           |    14 |       |       |       ||    14
       Constrict         |     2 |     5 |     3 |       ||    10
       Tentacles         |     1 |     2 |     1 |     2 ||     6
       Quarterstaff      |       |    20 |    10 |    11 ||    41
 Cast: Sandblast         |     8 |     9 |     4 |     6 ||    27
       Lee's Rapid Decon |       |     5 |    21 |    78 ||   104
       Petrify           |       |       |       |     1 ||     1
Invok: Channel Magic     |       |       |     2 |     7 ||     9
  Use: Potion            |       |       |     1 |     4 ||     5
       Scroll            |       |       |       |     1 ||     1
 Stab: Sleeping          |     1 |       |       |       ||     1
Armor: Skin              |     1 |     3 |     3 |     4 ||    11
Dodge: Dodged            |    13 |    16 |     9 |    24 ||    62

Table legend: (Time is in decaauts)
 A = Elapsed time spent in this place.
 B = Non-inter-level travel time spent in this place.
 C = Inter-level travel time spent in this place.
 D = Time resting spent in this place.
 E = Time spent auto-exploring this place.
 F = Levels seen in this place.
 G = Mean time per level.
                   A        B        C        D        E       F      G
               +--------+--------+--------+--------+--------+-----+--------+
         Total |   4035 |   4035 |      0 |   2775 |      0 |   1 | 4035.0 |
       Dungeon |   4035 |   4035 |      0 |   2775 |      0 |   1 | 4035.0 |
               +--------+--------+--------+--------+--------+-----+--------+

Top non-repeatable levels by time:
       D: 4035 daAuts
